 Dungeon Crawl Stone Soup version 0.22.1-2-g9c5b331 (webtiles) character file.

209246 dvd the Severer (level 18, -1/166 HPs)
             Began as a Hill Orc Gladiator on Dec 6, 2018.
             Was a High Priest of the Shining One.
             Killed from afar by Frederick (51 damage)
             ... with an iron shot
             ... on level 1 of the Crypt.
             The game lasted 01:56:41 (37404 turns).

dvd the Severer (Hill Orc Gladiator)               Turns: 37404, Time: 01:56:42

Health: -1/166     AC: 32    Str: 21    XL:     18   Next: 81%
Magic:  18/31      EV: 14    Int:  2    God:    the Shining One [*****.]
Gold:   974        SH: 30    Dex: 25    Spells: 17/17 levels left

rFire    + . .     SeeInvis .   a - +6 war axe (freeze)
rCold    . . .     Gourm    .   z - +2 shield {reflect}
rNeg     + + +     Faith    .   R - +5 chain mail "Haggoa" {rC+ rCorr Int-4}
rPois    +         Spirit   .   w - +2 helmet
rElec    +         Reflect  +   g - +2 cloak {+Inv}
rCorr    +         Harm     .   G - +2 pair of gloves
MR       +++++     Clarity  +   V - +2 pair of boots
Stlth    +.........             Y - amulet of the Four Winds {rN+ MR+++ Clar}
HPRegen  0.37/turn              W - ring "Jevved" {rPois MR+ Int-2 Dex+2 Stlth+}
MPRegen  0.22/turn              m - ring "Xiamaots" {Fire *Drain +Blink rElec rN+ Dex+7}

@: divine shield, glowing
A: no striking features
}: 1/15 runes: decaying
a: Divine Shield, Cleansing Flame, Summon Divine Warrior, Renounce Religion,
Evoke Blink, Evoke Invisibility


You were on level 1 of the Crypt.
You worshipped the Shining One.
The Shining One was extremely pleased with you.
You were very hungry.

You visited 6 branches of the dungeon, and saw 30 of its levels.
You also visited: Ossuary and Ice Cave.

You collected 3231 gold pieces.
You spent 2257 gold pieces at shops.

Inventory:

Hand Weapons
 a - a +6 war axe of freezing (weapon)
 r - a +0 broad axe
 O - a +4 scimitar of flaming
Missiles
 h - 23 tomahawks
 y - 4 throwing nets
 D - 3 javelins (quivered)
Armour
 b - the -3 cloak of Catatonia {rPois rF+}
   (You found it on level 4 of the Dungeon)

   It protects you from fire.
   It protects you from poison.
 g - a +2 cloak of invisibility (worn)
 w - a +2 helmet (worn)
 z - a +2 shield of reflection (worn)
 G - a +2 pair of gloves (worn)
 J - a +2 hat of see invisible
 N - a +3 ring mail of poison resistance
 R - the +5 chain mail "Haggoa" (worn) {rC+ rCorr Int-4}
   (You found it on level 13 of the Dungeon)

   It affects your intelligence (-4).
   It protects you from cold.
   It provides partial protection from all sources of acid and corrosion.
 U - the -3 cloak "Nufeonwi" {rF+ rN+ Str+7 Int-2}
   (You bought it in a shop on level 2 of the Orcish Mines)

   It affects your strength (+7).
   It affects your intelligence (-2).
   It protects you from fire.
   It protects you from negative energy.
 V - a +2 pair of boots (worn)
Jewellery
 m - the ring "Xiamaots" (right hand) {Fire *Drain +Blink rElec rN+ Dex+7}
   (You bought it in a shop on level 1 of the Vaults)

   [ring of fire]

   It enhances your fire magic.
   It affects your dexterity (+7).
   It protects you from fire.
   It makes you vulnerable to cold.
   It insulates you from electricity.
   It protects you from negative energy.
   It lets you blink.
   It causes draining when unequipped.
 o - an uncursed ring of protection from fire
 q - a +4 ring of dexterity
 B - a +5 ring of strength
 W - the ring "Jevved" (left hand) {rPois MR+ Int-2 Dex+2 Stlth+}
   (You bought it in a shop on level 1 of the Vaults)

   [ring of dexterity]

   It affects your intelligence (-2).
   It affects your dexterity (+2).
   It protects you from poison.
   It affects your resistance to hostile enchantments.
   It makes you more stealthy.
 Y - the amulet of the Four Winds (around neck) {rN+ MR+++ Clar}
   (You bought it in a shop on level 2 of the Orcish Mines)

   [amulet of nothing]

   It protects you from negative energy.
   It affects your resistance to hostile enchantments.
   It protects you against confusion.
 Z - an uncursed amulet of magic regeneration {unknown}
Wands
 e - a wand of flame (62)
 l - a wand of iceblast (19)
 n - a wand of polymorph (12)
 u - a wand of digging (25)
 I - a wand of paralysis (15)
 P - a wand of acid (19)
 Q - a wand of scattershot (9)
Scrolls
 d - a scroll of holy word
 i - 6 scrolls of teleportation
 s - 3 scrolls of blinking
 t - 15 scrolls of identify
 v - a scroll of remove curse
 E - a scroll of fog
 H - 2 scrolls of magic mapping
 K - 3 scrolls of fear
Potions
 c - 4 potions of might
 j - 8 potions of flight
 k - 4 potions of brilliance
 p - 4 potions of heal wounds
 x - 14 potions of curing
 A - a potion of magic
 C - 2 potions of agility
 L - a potion of cancellation
 S - a potion of haste
 X - 2 potions of mutation
Comestibles
 f - 58 rations


   Skills:
 + Level 16.1 Fighting
 + Level 6.3 Long Blades
 + Level 19.6 Axes
 + Level 5.1 Throwing
 + Level 13.0 Armour
 + Level 7.0 Dodging
 + Level 3.0 Stealth
 * Level 14.4 Shields
 * Level 18.7 Invocations
 + Level 1.6 Evocations


You had 17 spell levels left.
You didn't know any spells.
Your spell library contained the following spells:

 Spells                   Type           Power        Failure   Level  Hunger
 Animate Skeleton         Necr           N/A          98%         1    ##.....
 Confusing Touch          Hex            #.....       98%         1    ##.....
 Corona                   Hex            #......      98%         1    ##.....
 Magic Dart               Conj           #...         98%         1    ##.....
 Pain                     Necr           #...         98%         1    ##.....
 Corpse Rot               Necr           N/A          99%         2    ###....
 Ensorcelled Hibernation  Hex/Ice        #.....       99%         2    ###....
 Searing Ray              Conj           #.....       99%         2    ###....
 Sublimation of Blood     Necr           #.........   99%         2    ###....
 Confuse                  Hex            #.......     100%        3    ####...
 Dazzling Spray           Conj/Hex       #.....       100%        3    ####...
 Gell's Gravitas          Tloc           #.........   100%        3    ####...
 Ignite Poison            Fire/Tmut/Pois #.......     100%        3    ####...
 Lesser Beckoning         Tloc           #.........   100%        3    ####...
 Recall                   Summ/Tloc      N/A          100%        3    ####...
 Regeneration             Chrm/Necr      #.........   100%        3    ####...
 Stone Arrow              Conj/Erth      #.....       100%        3    ####...
 Tukima's Dance           Hex            #.......     100%        3    ####...
 Animate Dead             Necr           N/A          100%        4    #####..
 Force Lance              Conj/Tloc      #.......     100%        4    #####..
 Fulminant Prism          Conj/Hex       #.........   100%        4    #####..
 Iskenderun's Mystic Bla  Conj           #.......     100%        4    #####..
 Leda's Liquefaction      Hex/Erth       #.........   100%        4    #####..
 Passage of Golubria      Tloc           N/A          100%        4    #####..
 Petrify                  Tmut/Erth      #.......     100%        4    #####..
 Agony                    Necr           #.......     100%        5    ######.
 Borgnjor's Vile Clutch   Necr/Erth      #.........   100%        5    ######.
 Excruciating Wounds      Chrm/Necr      #.........   100%        5    ######.
 Fireball                 Conj/Fire      #.........   100%        5    ######.
 Metabolic Englaciation   Hex/Ice        #.........   100%        5    ######.
 Summon Forest            Summ/Tloc      #.........   100%        5    ######.
 Yara's Violent Unravell  Hex/Tmut       #.........   100%        5    ######.
 Bolt of Fire             Conj/Fire      #.........   100%        6    #######
 Darkness                 Hex            #.........   100%        6    #######
 Death Channel            Necr           #.........   100%        6    #######
 Hydra Form               Tmut           #.........   100%        6    #######
 Simulacrum               Ice/Necr       #.........   100%        6    #######
 Ring of Flames           Chrm/Fire      #.........   100%        7    #######
 Summon Hydra             Summ           #.........   100%        7    #######
 Ignition                 Fire           #.........   100%        8    #######


Dungeon Overview and Level Annotations

Branches:
Dungeon (15/15)            Temple (0/1) D:7            Lair (6/6) D:8
  Swamp (4/4) Lair:4        Snake (0/4) Lair:3        Slime (0/5) Lair:6
    Orc (2/2) D:11            Elf (0/3) Orc:2        Vaults (2/5) D:14
  Crypt (1/3) Vaults:2     Depths (0/5) D:15

Altars:
Ashenzari
Cheibriados
Hepliaklqana
Kikubaaqudgha
Nemelex Xobeh
Okawaru
Ru
Sif Muna
Xom
Zin
The Shining One

Shops:
D:2 *   D:11 ?   Orc:2 !([=   Vaults:1 =

Portals:
Trove: D:11 (give 20 scrolls of identify)

Annotations:
Crypt:1 Frederick


Message History

Your angel is healed somewhat.
You slash the spellforged servitor!
The spellforged servitor is heavily damaged.
Your chain mail "Haggoa" prevents you from hitting Frederick.
Frederick points at you and mumbles some strange words.
The iron shot hits you!
The spellforged servitor gestures at you while chanting.
The bolt of cold hits you!
You hit the spellforged servitor.
The spellforged servitor is heavily damaged.
You slash Frederick! You freeze Frederick.
Frederick gestures at you while chanting.
The bolt of cold hits you! The bolt of cold hits your angel.
Your angel dies!
You hit the spellforged servitor.
The spellforged servitor is severely damaged.
You hit Frederick but do no damage. Frederick casts a spell at you.
The iron shot hits you!
You die...

#######.#
........#
........#
........#
........#
.....).z#
......8@# #...#
#@# #...# #.#
#...# '.# #...#
.#.# #...# ..#.#
#...# .. #.#
##...###########.#
....†............#
....†............#


You could see Frederick, a spellforged servitor and a wight.

Vanquished Creatures
  the Lernaean hydra (Swamp:4)
  Nikola (Swamp:2)
  Gastronok (Lair:2)
  A thorn hunter (Swamp:4)
  Kirke (D:15)
  The ghost of Athroudoch the Spry, an adept MfGl of Okawaru (Swamp:2)
  2 vault wardens
  A fire giant (D:12)
  Louise (Swamp:3)
  A ghoul (Crypt:1)
  6 ironheart preservers
  2 very ugly things
  2 entropy weavers
  2 vampire knights (Vaults:2)
  A deep elf death mage (Vaults:2)
  Snorg (Lair:6)
  A fire dragon (D:15)
  A deep elf high priest (D:12)
  A great orb of eyes (Vaults:1)
  23 hydras
  2 ice dragons
  A merfolk avatar (Swamp:1)
  3 ghost crabs
  4 vault guards (D:14)
  A rakshasa (Vaults:2)
  5 centaur warriors
  Erica (D:9)
  2 catoblepae (Lair:5)
  6 two-headed ogres
  A queen ant (Lair:2)
  3 deep troll shamans
  5 death yaks (Lair:6)
  A vampire mage (Vaults:2)
  2 deep troll earth magi (Vaults:1)
  An orc high priest (Orc:2)
  14 alligators
  2 tengu warriors
  A deep elf knight (Vaults:2)
  5 skeletal warriors (Vaults:1)
  A wizard (Vaults:2)
  4 unseen horrors
  17 deep trolls
  2 spriggan druids
  2 shambling mangroves
  10 swamp dragons
  2 ironbrand convokers (Vaults:1)
  8 orc knights
  4 harpies (Vaults:1)
  5 wolf spiders
  A necromancer (IceCv)
  6 oklob plants
  3 deep elf magi (D:14)
  A manticore (D:12)
  7 orc sorcerers
  2 ugly things
  5 cyclopes
  12 elephants
  Maurice (Orc:2)
  5 vault sentinels
  12 spiny frogs
  A gargoyle (D:14)
  A black mamba (Lair:5)
  An ice statue (IceCv)
  A torpor snail (Lair:2)
  A kobold demonologist (D:14)
  6 yaktaurs
  12 freezing wraiths
  7 komodo dragons
  An efreet (D:10)
  2 tengu conjurers
  3 rime drakes
  2 guardian mummies (D:11)
  A jumping spider (Vaults:2)
  A queen bee (D:13)
  7 trolls
  A hornet (shapeshifter) (D:15)
  A meliai (D:13)
  6 polar bears (Lair:6)
  2 tyrant leeches
  Prince Ribbit (D:5)
  16 hornets
  10 blink frogs
  9 bog bodies
  A dream sheep (Lair:6)
  24 slime creatures
  A hippogriff (shapeshifter) (Vaults:2)
  7 hippogriffs
  5 shadows
  A water elemental (D:11)
  17 spriggans
  6 redbacks
  3 wraiths
  3 wyverns
  41 yaks
  2 death yak simulacra (IceCv)
  2 basilisks (D:12)
  A human (D:8)
  40 vampire mosquitoes
  4 hogs
  2 wargs
  4 hungry ghosts
  14 swamp worms
  3 nagas (Lair:3)
  3 acid dragons
  8 soldier ants
  13 water moccasins
  10 porcupines
  Duvessa (D:5)
  30 orc warriors
  13 swamp drakes
  3 black bears
  A hornet zombie (D:9)
  An alligator simulacrum (IceCv)
  10 ice beasts
  2 necrophages
  4 phantoms
  4 boggarts (Lair:6)
  4 sky beasts
  16 centaurs
  11 ogres
  30 wolves
  13 crocodiles
  2 elf zombies (Ossuary)
  5 big kobolds
  15 bullfrogs
  A water moccasin zombie (D:9)
  A wyvern zombie (D:10)
  8 scorpions
  A wyvern skeleton (D:7)
  Dowan (D:5)
  14 killer bees
  6 wights
  4 electric eels
  5 howler monkeys
  6 crimson imps
  5 centaur zombies
  A quasit (D:10)
  4 jellies
  6 draconian simulacra (IceCv)
  2 bullfrog zombies (D:12)
  9 hounds
  25 orc priests
  A gnoll shaman (D:4)
  8 centaur skeletons
  6 bullfrog skeletons
  2 iguanas
  34 orc wizards
  40 worker ants
  4 spriggan simulacra (IceCv)
  2 troll simulacra (IceCv)
  A wolf simulacrum (IceCv)
  3 centaur simulacra
  A demigod skeleton (Crypt:1)
  A hound zombie (D:4)
  A hound skeleton (D:9)
  2 mummies (Ossuary)
  A worker ant zombie (D:10)
  Robin (D:4)
  7 gnolls
  3 howler monkey skeletons
  4 ogre simulacra (IceCv)
  14 adders
  2 naga simulacra (IceCv)
  7 shadow imps
  12 white imps (IceCv)
  An ooze (D:1)
  A halfling zombie (Crypt:1)
  2 adder skeletons
  3 adder zombies
  3 worms
  4 dart slugs
  9 leopard geckos
  74 orcs
  3 giant cockroaches
  11 hobgoblins
  7 jackals
  4 quokkas
  A ball python (D:3)
  A ball python zombie (D:4)
  9 bats
  A frilled lizard (D:4)
  A giant cockroach zombie (D:4)
  13 goblins
  A goblin zombie (Ossuary)
  8 hobgoblin zombies (Ossuary)
  2 jackal zombies
  12 kobolds
  15 kobold zombies (Ossuary)
  A leopard gecko zombie (D:4)
  5 orc zombies (Ossuary)
  A quokka skeleton (D:8)
  A quokka zombie (D:9)
  7 rats
  A rat zombie (Ossuary)
  7 briar patches (Swamp:4)
  A butterfly (D:9)
  4 fungi
  A plant (Lair:6)
1165 creatures vanquished.

Vanquished Creatures (collateral kills)
  Frances (Swamp:2)
  4 hydras
  2 two-headed ogres (D:12)
  An alligator (Swamp:2)
  A tengu warrior (D:12)
  2 cyclopes
  2 manticores (Lair:5)
  2 elephants (Lair:5)
  A spiny frog (shapeshifter) (D:10)
  A komodo dragon (Lair:5)
  2 meliai (D:13)
  A troll (D:13)
  A bog body (Swamp:2)
  A wraith (Crypt:1)
  A shadow (D:12)
  A swamp worm (Swamp:2)
  A swamp drake (Swamp:2)
  A wyvern skeleton (D:13)
  11 killer bees (D:13)
  A bullfrog zombie (D:10)
  A jelly (D:13)
  2 orcs (D:13)
41 creatures vanquished.

Vanquished Creatures (others)
  2 centaur warriors
  A spriggan druid (Swamp:4)
  4 centaurs
  2 bushes (D:8)
  5 fungi
  12 plants
26 creatures vanquished.

Grand Total: 1232 creatures vanquished

Notes
Turn   | Place    | Note
-------+----------+-------------------------------------------
     0 | D:1      | dvd the Hill Orc Gladiator began the quest for the Orb.
     0 | D:1      | Reached XP level 1. HP: 18/18 MP: 1/1
   188 | D:1      | Reached XP level 2. HP: 22/25 MP: 2/2
   292 | D:1      | Found a sparkling altar of Nemelex Xobeh.
   458 | D:1      | Reached XP level 3. HP: 30/30 MP: 3/3
   596 | D:2      | Found Zin's Purification Station.
   597 | D:2      | Found a glowing silver altar of Zin.
   641 | D:2      | Reached skill level 5 in Axes
   672 | D:2      | Reached XP level 4. HP: 28/37 MP: 4/4
  1032 | D:2      | Reached skill level 1 in Armour
  1113 | D:2      | Found a glowing golden altar of the Shining One.
  1123 | D:2      | Became a worshipper of the Shining One
  1418 | D:3      | Reached XP level 5. HP: 30/44 MP: 3/5
  1584 | D:3      | Reached skill level 6 in Axes
  2199 | D:4      | Found a shattered altar of Ashenzari.
  2228 | D:4      | Reached XP level 6. HP: 25/51 MP: 2/6
  2400 | D:4      | Reached skill level 7 in Axes
  2401 | D:4      | Reached skill level 1 in Stealth
  2448 | D:4      | Noticed Robin
  2464 | D:4      | Killed Robin
  2508 | D:4      | Got a warped cloak
  2519 | D:4      | Identified the -3 cloak of Catatonia {rPois rF+} (You found
                  | it on level 4 of the Dungeon)
  2567 | D:4      | Found a sand-covered staircase.
  2633 | D:4      | Reached * piety under the Shining One
  2637 | Ossuary  | Entered an ossuary
  2669 | Ossuary  | Reached ** piety under the Shining One
  2736 | Ossuary  | Reached *** piety under the Shining One
  2746 | Ossuary  | Reached XP level 7. HP: 59/59 MP: 5/7
  2757 | Ossuary  | Reached skill level 8 in Axes
  2765 | Ossuary  | Reached skill level 1 in Invocations
  2826 | Ossuary  | Reached **** piety under the Shining One
  3069 | D:4      | Found a hazy altar of Hepliaklqana.
  3108 | D:4      | Reached skill level 9 in Axes
  3178 | D:4      | Found a snail-covered altar of Cheibriados.
  3536 | D:5      | Entered Level 5 of the Dungeon
  3671 | D:5      | Reached XP level 8. HP: 64/67 MP: 8/10
  3878 | D:5      | Noticed Prince Ribbit
  3894 | D:5      | Killed Prince Ribbit
  4010 | D:5      | Reached skill level 5 in Fighting
  4010 | D:5      | Reached skill level 10 in Axes
  4443 | D:5      | Noticed Dowan
  4444 | D:5      | Noticed Duvessa
  4451 | D:5      | Killed Dowan
  4457 | D:5      | Killed Duvessa
  5193 | D:6      | Reached skill level 5 in Invocations
  5201 | D:6      | Reached XP level 9. HP: 49/74 MP: 7/12
  5434 | D:6      | Found a shimmering altar of Xom.
  5592 | D:6      | Found a sacrificial altar of Ru.
  5715 | D:7      | Reached skill level 11 in Axes
  5868 | D:7      | Found an ancient bone altar of Kikubaaqudgha.
  5980 | D:7      | Found a staircase to the Ecumenical Temple.
  5985 | D:7      | Reached skill level 5 in Armour
  6244 | D:8      | Reached skill level 12 in Axes
  6254 | D:8      | Reached XP level 10. HP: 26/83 MP: 4/15
  6744 | D:8      | Found a staircase to the Lair.
  6793 | D:8      | Reached skill level 13 in Axes
  6906 | D:8      | Reached ***** piety under the Shining One
  7112 | D:8      | Found an iron altar of Okawaru.
  7395 | D:8      | Reached XP level 11. HP: 94/94 MP: 13/17
  7457 | D:9      | Reached skill level 14 in Axes
  7539 | D:9      | Noticed a two-headed ogre
  7550 | D:9      | Killed a two-headed ogre
  7567 | D:9      | Noticed Erica
  7590 | D:9      | Killed Erica
  7702 | D:9      | Noticed a two-headed ogre
  8278 | D:10     | Entered Level 10 of the Dungeon
  8951 | D:10     | Reached skill level 10 in Invocations
  9038 | D:10     | Reached skill level 15 in Axes
  9161 | D:10     | Noticed an unseen horror
  9184 | D:10     | Killed an unseen horror
  9219 | D:10     | Noticed a two-headed ogre
  9225 | D:10     | Killed a two-headed ogre
  9225 | D:10     | Reached XP level 12. HP: 62/105 MP: 11/19
  9258 | D:10     | Noticed a seven-headed hydra
  9266 | D:10     | Killed a five-headed hydra
  9291 | D:10     | Noticed a five-headed hydra
  9300 | D:10     | Killed a five-headed hydra
  9300 | D:10     | Reached skill level 10 in Fighting
  9300 | D:10     | Reached skill level 1 in Long Blades
  9326 | D:10     | Got an iridescent whip
  9346 | D:10     | Identified the cursed +2 whip "Mojaiz Loka" {slash, rN+
                  | Str+3} (You found it on level 10 of the Dungeon)
  9829 | D:9      | Killed a two-headed ogre
  9829 | D:9      | Reached skill level 5 in Dodging
  9852 | Lair:1   | Entered Level 1 of the Lair of Beasts
  9922 | Lair:1   | Reached skill level 16 in Axes
 11306 | Lair:2   | Noticed Gastronok
 11348 | Lair:2   | Killed Gastronok
 11609 | Lair:2   | Found a frozen archway.
 11665 | IceCv    | Entered an ice cave
 11832 | IceCv    | Reached XP level 13. HP: 115/115 MP: 15/21
 11986 | IceCv    | Found an ancient bone altar of Kikubaaqudgha.
 12168 | IceCv    | Got a pair of brightly glowing gloves
 12174 | IceCv    | Identified the -4 pair of gloves of Ujadut {Stlth+} (You
                  | found it in an ice cave)
 13697 | Lair:3   | Found a staircase to the Snake Pit.
 14800 | Lair:4   | Found a staircase to the Swamp.
 15011 | Lair:4   | Found a deep blue altar of Sif Muna.
 15851 | Lair:5   | Reached skill level 10 in Armour
 15976 | Lair:5   | Reached skill level 17 in Axes
 15977 | Lair:5   | Reached XP level 14. HP: 46/126 MP: 11/24
 17712 | D:11     | Got an ancient hand axe
 17764 | D:11     | Found Zont's Magic Scroll Shoppe.
 18113 | D:11     | Found a portal to a secret trove of treasure.
 18240 | D:11     | Bought a scroll of identify for 26 gold pieces
 18240 | D:11     | Bought a scroll of identify for 26 gold pieces
 18450 | D:11     | Found a staircase to the Orcish Mines.
 18462 | Orc:1    | Entered Level 1 of the Orcish Mines
 18740 | Orc:2    | Entered Level 2 of the Orcish Mines
 18802 | Orc:2    | Noticed Maurice
 18813 | Orc:2    | Killed Maurice
 18847 | Orc:2    | Found Elyrch's Distillery.
 18947 | Orc:2    | Bought a potion of degeneration for 14 gold pieces
 18950 | Orc:2    | Bought a potion of mutation for 112 gold pieces
 19988 | Orc:2    | Found a staircase to the Elven Halls.
 20419 | Orc:2    | Found Upnaizxa's Assorted Antiques.
 20421 | Orc:2    | Found Urphache's Jewellery Emporium.
 20422 | Orc:2    | Found Hutsaq's Antique Armour Shoppe.
 20425 | Orc:2    | Found Danoppi's Weapon Shoppe.
 20434 | Orc:2    | Bought a crude cloak for 237 gold pieces
 20444 | Orc:2    | Identified the cursed -3 cloak "Nufeonwi" {rF+ rN+ Str+7
                  | Int-2} (You bought it in a shop on level 2 of the Orcish
                  | Mines)
 20445 | Orc:2    | Bought the amulet of the Four Winds {rN+ MR+++ Clar} for
                  | 614 gold pieces
 20445 | Orc:2    | Found the amulet of the Four Winds {rN+ MR+++ Clar}
 21497 | D:12     | Noticed a fire giant
 21519 | D:12     | Reached skill level 15 in Invocations
 21520 | D:12     | Killed a fire giant
 21585 | D:12     | Reached XP level 15. HP: 87/136 MP: 16/26
 21592 | D:12     | Identified Zuugush's Handbook of Darkness
 22723 | D:13     | Got a spiked chain mail
 22734 | D:13     | Identified the +5 chain mail "Haggoa" {rC+ rCorr Int-4}
                  | (You found it on level 13 of the Dungeon)
 22746 | D:13     | Reached skill level 18 in Axes
 23215 | D:14     | Found a gate to the Vaults.
 23232 | D:14     | Reached skill level 1 in Shields
 23511 | D:14     | Found a deep blue altar of Sif Muna.
 23896 | D:14     | You fall through a shaft!
 23896 | D:15     | Entered Level 15 of the Dungeon
 24490 | D:15     | Found a staircase to the Depths.
 24835 | D:15     | Reached skill level 5 in Shields
 25288 | D:15     | Noticed Kirke
 25305 | D:15     | Killed Kirke
 25757 | Lair:6   | Entered Level 6 of the Lair of Beasts
 25789 | Lair:6   | Found a staircase to the Slime Pits.
 25932 | Lair:6   | Reached XP level 16. HP: 74/147 MP: 28/28
 26505 | Lair:6   | Noticed Snorg
 26520 | Lair:6   | Killed Snorg
 26875 | Lair:6   | Found the +9 heavy crossbow "Sniper" {velocity, Acc+∞ SInv}
 26936 | Lair:6   | Paralysed by a hornet for 2 turns
 27579 | Swamp:1  | Entered Level 1 of the Swamp
 27722 | Swamp:1  | Reached skill level 5 in Throwing
 28142 | Swamp:1  | Got a crystal triple sword
 28502 | Swamp:2  | Reached skill level 1 in Evocations
 28508 | Swamp:2  | Noticed Nikola
 28578 | Swamp:2  | Killed Nikola
 28774 | Swamp:2  | Noticed Frances
 28785 | Swamp:2  | Killed Frances
 28825 | Swamp:2  | Got a translucent great sword
 28886 | Swamp:2  | Identified a scroll of acquirement
 28951 | Swamp:2  | Identified the Papyrus of Warped Bewitchment
 28977 | Swamp:2  | Reached skill level 5 in Long Blades
 29051 | Swamp:2  | Reached skill level 10 in Shields
 29349 | Swamp:2  | Identified the +8 triple sword "Plog" {venom, Int+3} (You
                  | found it on level 1 of the Swamp)
 29350 | Swamp:2  | Identified the cursed +2 great sword of the Penguin
                  | {freeze, rC+ MR+ Dex+3} (You found it on level 2 of the
                  | Swamp)
 29399 | Swamp:2  | Found a runed door.
 29400 | Swamp:2  | Noticed Athroudoch's ghost (adept MfGl)
 29471 | Swamp:2  | Killed Athroudoch's ghost
 29471 | Swamp:2  | Reached skill level 15 in Fighting
 29471 | Swamp:2  | Reached XP level 17. HP: 132/156 MP: 22/29
 29671 | Swamp:2  | You fall through a shaft!
 29673 | Swamp:3  | Noticed Louise
 29712 | Swamp:3  | Killed Louise
 29749 | Swamp:3  | Got a slimy cloak
 29772 | Swamp:3  | Identified the cursed +0 cloak of Miracles {Str+2} (You
                  | found it on level 3 of the Swamp)
 30141 | D:11     | Bought a scroll of remove curse for 39 gold pieces
 30141 | D:11     | Bought a scroll of remove curse for 39 gold pieces
 30652 | Swamp:3  | Reached skill level 19 in Axes
 31177 | Swamp:4  | Entered Level 4 of the Swamp
 32453 | Swamp:4  | Noticed the 27-headed Lernaean hydra
 32977 | Swamp:4  | Killed the 24-headed Lernaean hydra
 33533 | Swamp:4  | Got a decaying rune of Zot
 34006 | Vaults:1 | Entered Level 1 of the Vaults
 34211 | Vaults:1 | Reached XP level 18. HP: 82/165 MP: 31/31
 34490 | Vaults:1 | Found Anubobaono's Jewellery Shop.
 34514 | Vaults:1 | Bought the ring "Xiamaots" {Fire *Drain +Blink rElec rN+
                  | Dex+7} for 830 gold pieces
 34518 | Vaults:1 | Bought the ring "Jevved" {rPois MR+ Int-2 Dex+2 Stlth+} for
                  | 320 gold pieces
 37253 | Vaults:2 | Found a staircase to the Crypt.
 37256 | Crypt:1  | Entered Level 1 of the Crypt
 37390 | Crypt:1  | Noticed Frederick
 37404 | Crypt:1  | Killed from afar by Frederick

Skill      XL: |  1  2  3  4  5  6  7  8  9 10 11 12 13 14 15 16 17 18 |
---------------+-------------------------------------------------------+-----
Axes           | 5 6 7 9 10 12 13 15 16 17 18 19 | 19.6
Armour         | 1 2 4 5 6 7 9 10 11 12 13 | 13.0
Dodging        | 3 4 5 6 7 |  7.0
Throwing       | 2 3 4 5 |  5.1
Fighting       | 3 4 5 6 7 9 10 12 13 14 15 16 | 16.1
Stealth        | 1 2 3 |  3.0
Invocations    | 3 5 7 8 10 11 13 15 16 17 18 | 18.7
Long Blades    | 2 3 5 6 |  6.3
Shields        | 6 10 12 14 | 14.4
Evocations     | 1 |  1.6

Action                   |  1- 3 |  4- 6 |  7- 9 | 10-12 | 13-15 | 16-18 || total
-------------------------+-------+-------+-------+-------+-------+-------++-------
Melee: War axe           |    75 |   196 |   314 |   657 |  1087 |  1022 ||  3351
       Scimitar          |       |       |       |     8 |    39 |   130 ||   177
       Battleaxe         |       |       |       |       |    33 |       ||    33
Throw: Throwing net      |     4 |     1 |     2 |     2 |       |       ||     9
       Javelin           |     1 |     1 |       |       |    75 |     1 ||    78
       Tomahawk          |       |       |       |    17 |    38 |    30 ||    85
Invok: Divine Shield     |       |     1 |     8 |    14 |    23 |    17 ||    63
       Cleansing Flame   |       |       |       |     5 |    23 |    21 ||    49
       Summon Divine War |       |       |       |     1 |     4 |     3 ||     8
Evoke: Wand              |       |       |       |       |    18 |    21 ||    39
  Use: Scroll            |       |       |    10 |     6 |    12 |    13 ||    41
       Potion            |       |       |     1 |     6 |     2 |     3 ||    12
 Stab: Held in net/web   |     3 |       |       |       |       |       ||     3
  Eat: Chunk             |       |     6 |    12 |    22 |    32 |    29 ||   101
       Ration            |       |       |       |     1 |     6 |     4 ||    11
Armor: Ring mail         |    35 |   106 |    49 |    14 |   137 |       ||   341
       Leather armour    |     2 |       |       |       |       |       ||     2
       Scale mail        |       |       |    86 |   137 |       |       ||   223
       Chain mail        |       |       |       |    58 |   245 |   589 ||   892
       Plate armour      |       |       |       |       |   112 |       ||   112
Dodge: Dodged            |    48 |   145 |   173 |   311 |   529 |   463 ||  1669
Block: Other             |       |       |    38 |   111 |   162 |       ||   311
       Shield            |       |       |       |       |   263 |  1176 ||  1439
       Reflection        |       |       |       |       |    26 |    22 ||    48
       Rpst.: Scimitar   |       |       |       |     3 |     5 |     7 ||    15
